 Dungeon Crawl Stone Soup version 0.31-a0-303-gdc8c9485ea (webtiles) character file.

Game seed: 8229701829120849242

0 cforsyth the Shield-Bearer (level 1, 19/19 HPs)
             Began as a Meteoran Fighter on July 17, 2023.
             Quit the game on level 1 of the Dungeon.
             The game lasted 00:00:14 (45 turns).

cforsyth the Shield-Bearer (Meteoran Fighter)         Turns: 45, Time: 00:00:15

Health: 19/19      AC: 11    Str: 17    XL:     1   Next: 14%
Magic:  2/2        EV:  4    Int:  9    God:
Gold:   0          SH:  5    Dex: 13    Spells: 0/0 levels left

rFire   . .          .
                       - Unarmed
rCold   . . .        b - +0 buckler
rNeg    . . .        e - +0 plate armour
rPois   .            (no helmet)
rElec   .            (no cloak)
rCorr   .            (no gloves)
SInv    .            (no boots)
Will    .....        (no amulet) Stlth
                     (no ring)
HPRegen 0.23/turn    (no ring)
MPRegen 0.08/turn

%: no passive effects
@: glowing
A: sense surroundings 1, otherworldly, glowing, explore regen
a: no special abilities


You were on level 1 of the Dungeon.
You visited 1 branch of the dungeon, and saw 1 of its levels.

Inventory:

Armour
 a - a +0 scale mail
 b - a +0 buckler (worn)
 e - a +0 plate armour (worn)
Potions
 c - a potion of might
 d - 2 potions of enlightenment {unknown}


   Skills:
 + Level 3.3 Fighting
 + Level 3.6 Armour
 + Level 3.6 Shields
 + Level 2.4 Unarmed Combat


You couldn't memorise any spells.
You didn't know any spells.
Your spell library was empty.

Dungeon Overview and Level Annotations

Branches:
Dungeon (1/15) Zot: 555

Altars:


Innate Abilities, Weirdness & Mutations

You passively map a small area around you.
You are easily found by Zot.
You glow in the dark.
You regain HP and MP as you explore.


Message History

As you open the large door, it creaks loudly!
Found 2 golden potions.
There is a large open door here.
d - 2 golden potions
Found a dagger.
A rat comes into view.
Found a plate armour.
Found a ring mail and 13 gold pieces.
The rat twitches its whiskers.
The rat barely misses you.
You hit the rat.
The rat is moderately wounded.
The rat bites you but does no damage.
You hit the rat.
You kill the rat!
No target in view!
No target in view!
No target in view!
No target in view!
Found 3 stones.
You see here a +0 ring mail.
You see here a +0 plate armour.
e - a +0 plate armour You start removing your armour.
You continue taking off your +0 scale mail. x4
You finish taking off your +0 scale mail.
You start putting on your armour.
You continue putting on your +0 plate armour. x5
You finish putting on your +0 plate armour.
You see here 3 stones.
You open the door. 2 jackals and a bat come into view.
The jackal barks! x2
A jackal comes into view. x2
Found a stone staircase leading down.
You closely miss the bat.
The jackal barks!
The bat barely misses you. You block the bat's attack.
You closely miss the bat. The bat hits you but does no damage.
Are you sure you want to abandon this character and quit the game? (Confirm with "yes".)

* , * , #. .# ,
,**###.###.# +#
,.......* # * ...
#..#$###. .... *
*#....... .....,
##.###....####b.h...,
*
...........(@'.h....
, , *
###..[.####..h... , *
,* #.#.## * .h... *
#.###.#.# .... *
#...)...# *... * *
########.### +#*
.##...## #.# *
....~..###.#### ,
,##~~~........# *


You could see 4 jackals and a bat.

Vanquished Creatures
  A rat (D:1)
1 creature vanquished.

Notes
Turn   | Place    | Note
-------+----------+-------------------------------------------
     0 | D:1      | cforsyth the Meteoran Fighter began the quest for the Orb.
     0 | D:1      | Reached XP level 1. HP: 19/19 MP: 2/2
    45 | D:1      | Quit the game

Illustrated notes

Levels and vault maps discovered:
D:1:      denvon_arrival_waterhouse, layout_loops_corners, serial_shops,
          nicolae_shop_bloodbath_and_beyond

Action                     || total
---------------------------++-------
  Melee: Unarmed           ||     4
 Armour: Scale mail        ||     1
         Plate armour      ||     1
  Dodge: Dodged            ||     2
  Block: Buckler           ||     1

Table legend: (Time is in decaauts)
 A = Elapsed time spent in this place.
 B = Non-inter-level travel time spent in this place.
 C = Inter-level travel time spent in this place.
 D = Time resting spent in this place.
 E = Time spent auto-exploring this place.
 F = Levels seen in this place.
 G = Mean time per level.
                   A        B        C        D        E       F      G
               +--------+--------+--------+--------+--------+-----+--------+
         Total |     45 |     45 |      0 |      0 |      0 |   1 |   45.0 |
       Dungeon |     45 |     45 |      0 |      0 |      0 |   1 |   45.0 |
               +--------+--------+--------+--------+--------+-----+--------+

Top non-repeatable levels by time:
     D:1: 45 daAuts
